 Dungeon Crawl Stone Soup version 0.20.1-1-g8b1a95d66d (webtiles) character file.

207 operand the Shield-Bearer (level 5, -1/33 HPs)
             Began as a Gargoyle Fighter on Dec 21, 2017.
             Was an Initiate of Okawaru.
             Slain by an adder (2 damage)
             ... on level 4 of the Dungeon.
             The game lasted 00:14:08 (2235 turns).

operand the Shield-Bearer (Gargoyle Fighter)        Turns: 2235, Time: 00:14:09

Health: -1/33      AC: 13    Str: 20    XL:     5   Next: 85%
Magic:  5/5        EV:  8    Int:  8    God:    Okawaru [......]
Gold:   154        SH: 10    Dex: 12    Spells: 4/4 levels left

rFire    . . .     SeeInvis .   p - -3 flail (curse)
rCold    . . .     Gourm    .   c - +0 shield
rNeg     + . .     Faith    .   b - +1 scale mail
rPois    ∞         Spirit   .   g - +1 hat
rElec    +         Reflect  .   (no cloak)
rCorr    .         Harm     .   (no gloves)
MR       .....                  (no boots)
Stlth    ..........             j - amulet of magic regeneration
Regen    0.2/turn               r - +2 ring of dexterity
MPRegen  0.2/turn               (no ring)

@: no status effects
A: negative energy resistance 1, electricity resistance, unbreathing,
petrification resistance, rot immunity, AC +4
a: Renounce Religion


You were on level 4 of the Dungeon.
You worshipped Okawaru.
Okawaru was noncommittal.
You were hungry.

You visited 1 branch of the dungeon, and saw 4 of its levels.

You collected 154 gold pieces.

Inventory:

Hand Weapons
 a - a +0 flail
 p - a cursed -3 flail (weapon)
Armour
 b - a +1 scale mail (worn)
 c - a +0 shield (worn)
 e - a +0 chain mail
 g - a +1 hat (worn)
Jewellery
 j - an amulet of magic regeneration (around neck)
 r - a +2 ring of dexterity (left hand)
Scrolls
 k - 2 scrolls of fog
 o - a scroll of teleportation
Potions
 d - a potion of might
 h - a potion of brilliance {unknown}
 i - 2 potions of flight {unknown}
 l - 2 potions of heal wounds {unknown}
 m - a potion of haste {unknown}
 n - a potion of agility {unknown}
 s - a potion of lignification {unknown}
Books
 q - a book of Misfortune

   Spells                             Type                      Level
   a - Confusing Touch                Hexes                        1
   b - Confuse                        Hexes                        3
   c - Gell's Gravitas                Translocation                3
   d - Petrify                        Transmutation/Earth          4
   e - Metabolic Englaciation         Hexes/Ice                    5
   f - Yara's Violent Unravelling     Hexes/Transmutation          5
Comestibles
 f - 4 bread rations


   Skills:
 + Level 3.9 Fighting
 + Level 3.4 Maces & Flails
 + Level 4.1 Armour
 + Level 1.0 Dodging
 + Level 4.8 Shields


You had 4 spell levels left.
You didn't know any spells.

Dungeon Overview and Level Annotations

Branches:
Dungeon (4/15)
 Temple: D:4-7

Altars:
Ashenzari
Cheibriados
Dithmenos
Okawaru
Sif Muna

Annotations:
D:4 Ijyb


Innate Abilities, Weirdness & Mutations

You are resistant to torment.
Your stone body is resilient. (AC +4)
You are immune to poison.
You resist negative energy. (rN+)
You are resistant to electric shocks. (rElec)
You can survive without breathing.
You are immune to petrification.
You are immune to rotting.


Message History

Ijyb hits you with a dagger.
You bump into the rock wall.
The adder barely misses you. The dart slug closely misses you.
Ijyb completely misses you. The adder bites you but does no damage.
You bump into the rock wall.
The adder barely misses you. The dart slug launches a dart at you.
The slug dart hits you!
* * * LOW HITPOINT WARNING * * *
Ijyb hits you but does no damage.
You're too confused!
You're too confused!
You bump into the rock wall.
You feel less confused. The adder bites you but does no damage.
You block Ijyb's attack.
You barely miss Ijyb. The adder closely misses you.
The dart slug launches a dart at you. The slug dart hits you!
* * * LOW HITPOINT WARNING * * *
Ijyb zaps a wand.
You resist with some effort. The adder bites you.
You die...

#.## ####.#
..# ###....#
#.###...####
#.##..###
#.##.##
##.##.#
#..#..#
#....###
#...OS@#####.
#....#wg......
#......####..#
#......#
#.##........#
#. #.......##
#. #.........
.......###
.........#


You could see an ogre, Ijyb, an adder and a dart slug.

Vanquished Creatures
  A bullfrog skeleton (D:3)
  A gnoll (D:1)
  9 adders
  4 worms (D:2)
  3 dart slugs
  4 orcs (D:3)
  A ball python (D:3)
  8 bats
  7 giant cockroaches
  8 goblins
  4 hobgoblins
  4 jackals
  A quokka (D:2)
  4 frilled lizards
  7 kobolds
  7 rats
73 creatures vanquished.

Vanquished Creatures (others)
  3 fungi (D:4)
3 creatures vanquished.

Grand Total: 76 creatures vanquished

Notes
Turn   | Place    | Note
-------+----------+-------------------------------------------
     0 | D:1      | operand the Gargoyle Fighter began the quest for the Orb.
     0 | D:1      | Reached XP level 1. HP: 14/14 MP: 1/1
    92 | D:1      | Reached XP level 2. HP: 19/19 MP: 2/2
   472 | D:1      | Reached XP level 3. HP: 24/24 MP: 3/3
   984 | D:2      | Reached XP level 4. HP: 29/29 MP: 4/4
  1384 | D:2      | Reached XP level 5. HP: 33/33 MP: 5/5
  1431 | D:3      | Found a shadowy altar of Dithmenos.
  1485 | D:3      | Found a deep blue altar of Sif Muna.
  1510 | D:3      | Found an iron altar of Okawaru.
  1510 | D:3      | Found a snail-covered altar of Cheibriados.
  1513 | D:3      | Found a shattered altar of Ashenzari.
  1559 | D:3      | Became a worshipper of Warmaster Okawaru
  2129 | D:3      | Reached skill level 1 in Dodging
  2214 | D:4      | Noticed Ijyb
  2215 | D:4      | Noticed an ogre
  2235 | D:4      | HP: 1/33 [dart slug/slug dart (5)]
  2235 | D:4      | Slain by an adder

Skill      XL: |  1  2  3  4  5 |
---------------+----------------+-----
Shields        | 4 |  4.8
Maces & Flails | 3 |  3.4
Armour         | 4 |  4.1
Dodging        | 1 |  1.0
Fighting       | |  3.9

Action                   |  1- 3 |  4- 6 || total
-------------------------+-------+-------++-------
Melee: Flail             |   135 |   228 ||   363
  Use: Scroll            |     4 |     1 ||     5
  Eat: Bread ration      |       |     1 ||     1
Armor: Scale mail        |    90 |   138 ||   228
Dodge: Dodged            |    46 |    79 ||   125
Block: Shield            |    90 |   114 ||   204
